AoeStats
← efgpl

Socotra

505655163Analyzed
2v2 RM · 21d ago on Sep 10, 2026· 32m 17s· 4 players
Game mode
Random Map
Map size
Tiny (2 player)
Population
200
Speed
Normal
Resources
Standard
Victory
Conquest
Starting age
Dark Age
Ending age
Imperial Age
RankedLock teamsTeams togetherTeam positionsShared explorationLock speedFull tech treeHidden civsTurbo modeCheats
Victory
Defeat
🇵🇱 Vietnamese · Poland
1192
+9
🇵🇱 Spanish · Poland
876
+22
🇪🇸 Dravidians · Spain
1034
-16
🇪🇸 Bulgarians · Spain
1004
-15
fustigador
7:24 Loom
11:08 Feudal Age
20:40 Castle Age
18:42 Double-Bit Axe
19:16 Horse Collar
21:40 Fletching
22:01 Forging
21:59 Scale Barding Armor
22:09 Bloodlines
21:57 Stone Mining
22:25 Scale Mail Armor
23:06 Bow Saw
24:03 Bodkin Arrow
24:15 Town Watch
24:53 Heavy Plow
27:05 Wheelbarrow
28:21 Padded Archer Armor
29:19 Guard Tower
29:41 Masonry
30:41 Hand Cart
31:24 Gold Mining
30:59 Elite Skirmisher
33:00 Leather Archer Armor
cabra nòmada
6:04 Loom
10:05 Feudal Age
10:43 Double-Bit Axe
11:03 Horse Collar
14:12 Padded Archer Armor
15:13 Fletching
15:53 Town Watch
22:02 Castle Age
22:53 Elite Skirmisher
23:43 Bodkin Arrow
24:10 Husbandry
25:10 Wheelbarrow
29:28 Hand Cart
30:18 Ballistics
30:11 Heavy Plow
30:57 Masonry
31:33 Gold Mining
32:06 Leather Archer Armor
efgpl
10:51 Feudal Age
9:08 Loom
10:53 Feudal Age
11:48 Double-Bit Axe
11:45 Horse Collar
21:20 Castle Age
20:10 Padded Archer Armor
22:18 Leather Archer Armor
23:50 Bow Saw
23:53 Heavy Plow
27:45 Ballistics
29:42 Masonry
31:08 Wheelbarrow
30:18 Town Watch
WELL-pack
6:42 Loom
8:51 Feudal Age
9:31 Double-Bit Axe
13:34 Fletching
14:24 Horse Collar
15:12 Padded Archer Armor
21:15 Castle Age
21:54 Bodkin Arrow
22:06 Elite Skirmisher
23:06 Bow Saw
22:57 Heavy Plow
23:56 Scale Mail Armor
25:36 Wheelbarrow
26:34 Forging
26:54 Hand Cart
26:29 Town Watch
27:04 Squires
26:50 Arson
27:28 Gold Mining
30:11 Chain Mail Armor
30:23 Stone Mining
30:03 Man-at-Arms
31:23 Iron Casting
Connection lost

Rejoining the realm…

Still unreachable

The connection could not be restored.

Session expired

The server has moved on; the page needs a fresh start.